 Dungeon Crawl Stone Soup version 0.28.0-53-g5a82cb258f (webtiles) character file.

Game seed: 18052230569019370025

410 Erymatos the Skirmisher (level 6, -4/57 HPs)
             Began as a Minotaur Berserker on June 8, 2022.
             Was a Believer of Trog.
             Slain by a mummy (8 damage)
             ... in an ossuary.
             The game lasted 00:03:27 (2949 turns).

Erymatos the Skirmisher (Minotaur Berserker)        Turns: 2949, Time: 00:03:27

Health: -4/57      AC: 12    Str: 23    XL:     6   Next: 58%
Magic:  5/5        EV:  9    Int:  4    God:    Trog [**....]
Gold:   84         SH:  0    Dex: 10    Spells: 5/5 levels left

rFire   . . .      SeeInvis .   a - +0 hand axe
rCold   . . .      Faith    .   (no shield)
rNeg    . . .      Spirit   .   p - +0 chain mail
rPois   .          Reflect  .   (helmet restricted)
rElec   .          Harm     .   (no cloak)
rCorr   .          Rampage  .   (no gloves)
Will    +....                   r - +2 pair of boots
Stlth   ..........              (no amulet)
HPRegen 0.19/turn               l - ring of willpower
MPRegen 0.09/turn               (no ring)

@: on berserk cooldown, slowed, very slow
A: horns 2, retaliatory headbutt
a: Renounce Religion, Berserk, Trog's Hand


You were in an ossuary.
You worshipped Trog.
Trog was pleased with you.
You visited 1 branch of the dungeon, and saw 4 of its levels.
You also visited: Ossuary.

You collected 84 gold pieces.

Inventory:

Hand Weapons
 a - a +0 hand axe (weapon)
 o - a +1 flail of protection
Armour
 b - a +0 animal skin
 i - a +0 leather armour
 p - a +0 chain mail (worn)
 r - a +2 pair of boots (worn)
Jewellery
 l - a ring of willpower (left hand)
Wands
 m - a wand of flame (9)
 q - a wand of digging (3)
Scrolls
 c - a scroll of vulnerability {unknown}
 d - a scroll of blinking {unknown}
 e - a scroll of enchant weapon {unknown}
 g - a scroll of holy word {unknown}
 h - a scroll of noise {unknown}
 j - a scroll of magic mapping {unknown}
 k - a scroll of identify {unknown}
 s - a scroll of fear {unknown}
 t - a scroll of immolation {unknown}
Potions
 f - 2 potions of curing {unknown}
 n - a potion of attraction {unknown}
 u - a potion of brilliance {unknown}


   Skills:
 + Level 5.9 Fighting
 + Level 5.8 Axes
 + Level 3.4 Armour
 + Level 3.7 Dodging
 + Level 1.5 Stealth


You had 5 spell levels left.
You didn't know any spells.
Your spell library was empty.

Dungeon Overview and Level Annotations

Branches:
Dungeon (4/15)            Ossuary (1/1)
 Temple: D:4-7

Altars:

Shops:
D:3 (


Innate Abilities, Weirdness & Mutations

You have a pair of horns on your head.
You reflexively headbutt those who attack you in melee.


Message History

You destroy the orc zombie!
Trog accepts your kill.
You hit the mummy. x3; The mummy closely misses you.
You furiously retaliate!
You headbutt the mummy, but do no damage.
The mummy closely misses you. The mummy hits you but does no damage.
Unknown command.
You slash the mummy! You headbutt the mummy.
You destroy the mummy!
Trog accepts your kill.
You hit the mummy. You barely miss the mummy. The mummy hits you!
Unknown command.
You hit the mummy but do no damage.
The mummy is heavily damaged.
You barely miss the mummy. The mummy hits you! The mummy hits you.
Unknown command.
You are too injured to fight recklessly!
You are too injured to fight recklessly!
Unknown command.
You are too injured to fight recklessly!
Unknown command.
You're still recovering from your berserk rage.
You slash the mummy! You headbutt the mummy.
You destroy the mummy!
Trog accepts your kill.
You hit the mummy but do no damage. The mummy closely misses you.
You furiously retaliate!
You headbutt the mummy.
Unknown command.
You hit the mummy. You headbutt the mummy!
The mummy is severely damaged.
The mummy hits you!
* * * LOW HITPOINT WARNING * * *
Unknown command.
You hit the mummy but do no damage.
The mummy is severely damaged.
The mummy hits you!
* * * LOW HITPOINT WARNING * * *
You hit the mummy but do no damage.
The mummy is severely damaged.
The mummy hits you!
You die...

....##....##...
...............
..............
............
#........#
#......# #..M.#
#.@..# #....#
#....# #....#
#....# #....#
#....# #.∩∩.#
######


You could see a mummy.

Vanquished Creatures
  Sigmund (D:2)
  Natasha (thrice) (D:2)
  Terence (D:2)
  A hound skeleton (D:4)
  3 mummies (Ossuary)
  4 adders
  2 worms (D:2)
  2 dart slugs
  An orc (D:3)
  6 ball pythons
  4 bats
  4 endoplasms
  7 giant cockroaches
  2 gnoll zombies (Ossuary)
  10 goblins
  3 hobgoblins (D:2)
  2 jackals (D:1)
  2 quokkas
  5 frilled lizards
  2 hobgoblin zombies (Ossuary)
  4 kobolds
  4 orc zombies (Ossuary)
  A rat (D:1)
74 creatures vanquished.

Notes
Turn   | Place    | Note
-------+----------+-------------------------------------------
     0 | D:1      | Erymatos the Minotaur Berserker began the quest for the
                  | Orb.
     0 | D:1      | Reached XP level 1. HP: 19/19 MP: 0/0
   182 | D:1      | Reached XP level 2. HP: 27/27 MP: 1/1
   652 | D:1      | Found a faded altar of an unknown god.
   794 | D:2      | Reached XP level 3. HP: 34/34 MP: 2/2
   832 | D:2      | Reached ** piety under Trog
   930 | D:2      | Noticed Natasha
   938 | D:2      | Killed Natasha
   939 | D:2      | Reached XP level 4. HP: 16/41 MP: 3/3
   999 | D:2      | Noticed Natasha
  1021 | D:2      | Killed Natasha
  1336 | D:2      | Noticed Natasha
  1347 | D:2      | Killed Natasha
  1348 | D:2      | Reached skill level 5 in Fighting
  1398 | D:2      | Reached skill level 1 in Stealth
  1418 | D:2      | Noticed Terence
  1427 | D:2      | Killed Terence
  1428 | D:2      | Reached XP level 5. HP: 48/48 MP: 4/4
  1621 | D:2      | Noticed Sigmund
  1634 | D:2      | Killed Sigmund
  1635 | D:2      | Reached skill level 5 in Axes
  1635 | D:2      | Reached XP level 6. HP: 53/56 MP: 5/5
  2139 | D:3      | Found Siloy's Antique Weapon Shoppe.
  2910 | D:4      | Found a sand-covered staircase.
  2915 | Ossuary  | Entered an ossuary
  2949 | Ossuary  | Slain by a mummy

Illustrated notes

Levels and vault maps discovered:
D:1:      dpeg_arrival_long_road, layout_basic,
          shapermc_ecumenical_altar_rom_forum, serial_park_tiny_1,
          skrybe_limestone_x
D:2:      layout_basic, uniq_terence, uniq_natasha, uniq_sigmund
D:3:      minmay_diamond_boxcup, layout_basic, serial_shops, nicolae_shop_trees,
          bh_walls_and_bars
D:4:      layout_loops_corners, enter_ossuary_2, uniq_menkaure
Ossuary:  ossuary_tomb_3

Skill      XL: |  1  2  3  4  5 |
---------------+----------------+-----
Fighting       | 4 5 |  5.9
Axes           | 4 5 |  5.8
Dodging        | 3 |  3.7
Stealth        | 1 |  1.5
Armour         | 3 |  3.4

Action                   |  1- 3 |  4- 6 || total
-------------------------+-------+-------++-------
Melee: Hand axe          |    66 |   101 ||   167
       Headbutt          |     7 |    23 ||    30
       Punch             |       |     1 ||     1
Invok: Berserk           |     1 |     5 ||     6
       Trog's Hand       |       |     1 ||     1
 Stab: Sleeping          |     1 |       ||     1
Armor: Animal skin       |     8 |       ||     8
       Leather armour    |     3 |     1 ||     4
       Chain mail        |       |    43 ||    43
Dodge: Dodged            |    40 |    48 ||    88
